muga'i, chaotic male elven Wizard ---- ... -...- --- .....--.. ........ ^..... ....--- -.....--- ..G.....-- |.@G...- -.G.....| ........| |........| --......-- |..|.--- ------ muga'i the Evoker Experience level: 2 Strength: 14 Dexterity: 11 Constitution: 14 Intelligence: 20 Wisdom: 9 Charisma: 8 Health: 0(19) Energy: 19(19) Def: 1 Gold: 63 Moves: 1855 Dungeon seed: HC-tzL9GBAZ0x5bB Game ID: muga'i_1530442462 Your Inventory: Coins $ - 63 gold pieces Weapons a - a blessed +1 quarterstaff (weapon in hands) Armor e - an uncursed +0 cloak of magic resistance (being worn) Scrolls h - an uncursed scroll of identify i - an uncursed scroll of magic mapping j - an uncursed scroll of light Spellbooks k - a blessed spellbook of force bolt l - an uncursed spellbook of clairvoyance Potions f - 2 uncursed potions of invisibility g - an uncursed potion of gain ability u - an uncursed potion of speed Rings c - an uncursed +1 ring of gain constitution d - an uncursed ring of sustain ability Wands b - a wand of lightning (0:7) Tools m - a magic marker (0:38) n - an uncursed blindfold o - an uncursed tooled horn Spells and supernatural/magical abilities: Name Level Category Fail Memory a - force bolt 1 attack 0% 93% v - clairvoyance 3 divination 77% 91% W - pray for help -- divine ? -- Your skills at the end: Fighting Skills Weapon Skills quarterstaff [Basic] Spellcasting Skills attack spells [Basic] enchantment spells [Basic] Final Attributes: You were piously aligned. You were magic-protected. You had infravision. You are dead. Vanquished creatures: a gnome zombie 3 geckos 9 jackals a fox a kobold 3 goblins 2 sewer rats 6 grid bugs 2 lichens 3 newts 31 creatures vanquished. Voluntary challenges: You followed a strict vegan diet. You used a wielded weapon 24 times, starting on turn 74. You read items or engraved 4 times, starting on turn 433. You never genocided any monsters. You never polymorphed an object. You never changed form. You used no wishes. You never split a pudding. You never wrote Elbereth's name. You violated your moral code, losing 4 points of alignment, starting on turn 1585. Dungeon overview: The Dungeons of Doom: levels 1 to 4 Level 1 a fountain a long staircase Level 2 a general store, a fountain stairs to The Gnomish Mines Level 3 Level 4 an altar to Thoth The Gnomish Mines: Level 3 <- You were here stairs to The Dungeons of Doom History has recorded: On T:1 you entered the Dungeons of Doom to retrieve the Amulet of Yendor! On T:750 you reached level 2 of The Dungeons of Doom. On T:893 you reached level 3 of The Dungeons of Doom. On T:1079 you advanced to experience level 2. On T:1394 you reached level 4 of The Dungeons of Doom. On T:1851 you reached level 1 of The Gnomish Mines. Score breakdown: Gold: 63 ( 6144 points) Experience: 2 levels ( 5570 points) Exploration: 4 levels ( 7.84%) ( 7348 points) Discoveries: 1 item ( 0.36%) ( 1802 points) Valuables value: (no points given unless you survive) Artifact value: 0 ( 0 points) Variety of kills: 10 monsters ( 2.62%) ( 4860 points) Turncount: 1855 turns ( 0 points) Survival: died (score multiplied by 80%) Total score: 20579 Latest messages: You hear some noises. The goblin is killed! There are a few objects here. The kitten eats a goblin corpse. You displace your kitten. You see here an iron skull cap. You stop. Your kitten is in the way! The kitten picks up an iron skull cap. You displace your kitten. You see here an iron skull cap. You displace your kitten. The kitten drops an iron skull cap. You see here an iron skull cap. Nowhere else around here can be automatically explored. The dwarf is hit by a rock! The dwarf picks up a stone. You hit the gnome king. The gnome king hurls an emerald potion! The flagon crashes on your head and breaks into shards. Something seems to be holding you. The gnome king hits! (3x) You die... Final status: Goodbye muga'i the Wizard, killed by a gnome king, while frozen by potion vapours... You died in The Gnomish Mines on dungeon level 3 with 20579 points, and 63 pieces of gold, after 1855 moves. You were level 2 with a maximum of 19 hit points when you died.